 Dungeon Crawl Stone Soup version 0.26-a0-812-g31a745ddcd (webtiles) character file.

Game seed: 10897885079307166539

114530 mkm the Severer (level 16, -25/223 HPs)
             Began as a Minotaur Berserker on Dec 3, 2020.
             Was a High Priest of Trog.
             Killed from afar by Aizul (29 damage)
             ... with a bolt of poison
             ... on level 1 of the Swamp.
             The game lasted 01:49:56 (35017 turns).

mkm the Severer (Minotaur Berserker)               Turns: 35017, Time: 01:49:58

Health: -25/223    AC: 17    Str: 34    XL:     16   Next: 16%
Magic:  15/15      EV: 18    Int:  4    God:    Trog [*****.]
Gold:   2496       SH: 13    Dex: 11    Spells: 15/15 levels left

rFire    . . .     SeeInvis .   B - +6 flail (protect)
rCold    . . .     Faith    .   v - +3 warlock's mirror {reflect}
rNeg     . . .     Spirit   .   G - +2 ring mail {MR+}
rPois    .         Reflect  +   (helmet restricted)
rElec    .         Harm     .   o - +0 cloak
rCorr    .         Rampage  .   u - +0 pair of gloves
MR       ++++.                  i - +2 pair of boots
Stlth    ..........             k - amulet of reflection
HPRegen  1.47/turn              X - ring of flight
MPRegen  0.14/turn              Q - +6 ring of strength

@: berserking, lethally poisoned (-25 -> -64), regenerating, very quick
A: retaliatory headbutt, horns 2
a: Berserk, Trog's Hand, Brothers in Arms, Renounce Religion, Evoke Flight


You were on level 1 of the Swamp.
You worshipped Trog.
Trog was extremely pleased with you.
You visited 4 branches of the dungeon, and saw 24 of its levels.
You also visited: Ossuary and Ice Cave.

You collected 2496 gold pieces.

Inventory:

Hand Weapons
 d - a +2 vorpal executioner's axe
 z - a +4 triple sword
 B - a +6 flail of protection (weapon)
 K - a +1 battleaxe of flaming
 O - a +3 broad axe of electrocution
 V - a +5 great mace
Armour
 i - a +2 pair of boots (worn)
 o - a +0 cloak (worn)
 u - a +0 pair of gloves (worn)
 v - the +3 warlock's mirror (worn) {reflect}
   (You acquired it on level 4 of the Lair of Beasts)
 A - a +3 scale mail of cold resistance
 G - a +2 ring mail of magic resistance (worn)
 I - a +0 plate armour
 S - a +0 kite shield
Jewellery
 k - an amulet of reflection (around neck)
 r - a +6 ring of dexterity
 H - an uncursed ring of positive energy
 Q - a +6 ring of strength (right hand)
 R - an uncursed amulet of regeneration
 X - a ring of flight (left hand)
Wands
 n - a wand of acid (29)
 s - a wand of iceblast (31)
 y - a wand of random effects (61)
 J - a wand of polymorph (23)
 M - a wand of disintegration (15)
 T - a wand of paralysis (10)
Scrolls
 f - 13 scrolls of remove curse
 g - 3 scrolls of fog
 l - 2 scrolls of blinking
 t - 3 scrolls of immolation
 w - 3 scrolls of magic mapping
 C - 4 scrolls of teleportation
 D - a scroll of acquirement
 L - 2 scrolls of fear
 W - 2 scrolls of enchant weapon
 Y - 2 scrolls of identify
Potions
 a - 4 potions of mutation
 b - 13 potions of curing
 c - a potion of cancellation
 e - a potion of ambrosia
 h - 3 potions of berserk rage
 j - 6 potions of lignification
 p - 7 potions of might
 q - 2 potions of flight
 x - 2 potions of haste
 E - a potion of resistance
 N - 4 potions of invisibility
Miscellaneous
 m - a tin of tremorstones (2/2)
 F - a phantom mirror
 P - a box of beasts


   Skills:
 + Level 15.0 Fighting
 + Level 3.4 Long Blades
 * Level 19.1(19.7) Axes
 - Level 9.6(15.5) Maces & Flails
 + Level 14.8 Armour
 + Level 13.7 Dodging
 + Level 7.0 Shields


You had 15 spell levels left.
You didn't know any spells.
Your spell library was empty.

Dungeon Overview and Level Annotations

Branches:
Dungeon (15/15)            Temple (0/1) D:4            Lair (6/6) D:10
  Swamp (1/4) Lair:3       Spider (0/4) Lair:3        Slime (0/5) Lair:6
    Orc (2/2) D:9             Elf (0/3) Orc:2        Vaults (0/5) D:14
 Depths (0/5) D:15        Ossuary (visited)           IceCv (visited)

Altars:
Cheibriados
Dithmenos
Elyvilon
Fedhas
Makhleb
Nemelex Xobeh
Okawaru
Sif Muna
Trog
Uskayaw
Vehumet
Wu Jian
Zin
The Shining One
Beogh

Shops:
D:6 *   D:7 ??=[   D:9 *   Orc:2 (([[(

Annotations:
D:8 exclusion: ice statue
Swamp:1 Aizul


Innate Abilities, Weirdness & Mutations

You reflexively headbutt those who attack you in melee.
You have a pair of horns on your head.


Message History

You are lethally poisoned!
* * * LOW HITPOINT WARNING * * *
Aizul casts a spell at you. The bolt of poison misses you.
You feel a strong urge to attack something.
* * * LOW HITPOINT WARNING * * *
You feel very sick. Aizul hits you.
* * * LOW HITPOINT WARNING * * *
You see here an eleionoma corpse.
* * * LOW HITPOINT WARNING * * *
You feel very sick.
You barely miss Aizul. You headbutt Aizul!
Aizul is lightly wounded.
* * * LOW HITPOINT WARNING * * *
You feel very sick.
Aizul coils herself and waves her upper body at you.
The bolt of poison hits you!!
You are more poisoned.
You die...

.≈♣≈♣♣≈.≈.♣♣.≈≈.♣♣♣♣.≈♣
≈≈♣≈≈≈≈..≈≈≈.♣..≈≈≈≈≈♣♣≈..♣
.≈≈♣≈♣≈.♣.≈.≈≈♣≈.≈≈≈≈.≈≈≈.♣
..≈...≈≈≈≈.≈≈≈≈≈≈≈≈≈≈≈.≈≈♣♣
≈.≈≈≈≈≈≈≈.≈≈≈≈≈≈...≈...≈.♣
≈≈♣≈≈...≈≈≈≈≈≈..♣♣...♣(..♣
.♣≈≈≈≈♣≈≈≈.≈≈≈.♣♣.≈≈.♣♣..♣
...!..≈≈≈≈†..≈.♣♣♣≈..♣♣♣.♣
♣♣≈≈.≈S@♣..♣♣♣§≈≈♣♣ ♣.♣
♣♣.?≈≈.♣.♣♣ ♣♣..♣ ♣♣♣
♣♣≈≈♣♣♣.♣ ♣♣.♣ ♣♣≈♣ ♣.♣ ♣.♣
♣♣♣ ♣♣♣ ♣.♣ ♣♣♣


You could see Aizul.

Vanquished Creatures
  Frances (D:14)
  A tengu reaver (D:13)
  A frost giant (D:13)
  An orc warlord (Orc:2)
  An eleionoma (Swamp:1)
  Snorg (D:10)
  A fire dragon (Lair:6)
  Fannar (Orc:1)
  8 vault guards (D:14)
  11 hydras
  2 boulder beetles
  2 two-headed ogres (D:14)
  Erica (Lair:2)
  3 alligators (Swamp:1)
  5 centaur warriors
  A tengu warrior (D:14)
  8 death yaks
  2 orc high priests (Orc:2)
  A deep elf knight (Orc:2)
  2 unseen horrors (D:13)
  A shadow wraith (D:13)
  Pikel (D:7)
  3 wizards (D:15)
  3 deep elf magi (D:14)
  4 orc knights
  A necromancer (D:15)
  A swamp dragon (D:15)
  2 lindwurms
  A wolf spider zombie (D:14)
  6 orc sorcerers
  2 cyclopes
  A harpy (shapeshifter) (D:14)
  2 manticores
  6 ugly things
  5 elephants (Lair:6)
  10 black mambas
  3 molten gargoyles (Lair:6)
  3 torpor snails
  2 gargoyles
  17 cane toads
  A yaktaur (D:13)
  2 rime drakes
  A kobold demonologist (D:12)
  6 komodo dragons
  A tengu conjurer (D:13)
  A merfolk (D:14)
  2 trolls
  4 hornets
  A troll (shapeshifter) (D:11)
  5 polar bears
  6 slime creatures (D:13)
  4 dream sheep (Lair:6)
  8 blink frogs
  A meliai zombie (D:14)
  A centaur simulacrum (D:15)
  A redback (Lair:3)
  A shadow (D:12)
  A water elemental (D:15)
  11 wyverns
  Sigmund (D:4)
  3 spriggans (Swamp:1)
  3 wraiths
  2 vampires
  99 yaks
  11 basilisks
  A human (D:14)
  7 vampire mosquitoes
  2 wargs (Orc:1)
  A harpy simulacrum (D:15)
  2 steam dragons (Lair:6)
  4 swamp worms
  17 water moccasins
  Edmund (D:6)
  An acid dragon (D:14)
  4 hell hounds (Lair:6)
  40 orc warriors
  A black bear (D:12)
  2 ice beasts
  A swamp drake (Swamp:1)
  4 sky beasts
  A necrophage (D:14)
  2 phantoms
  14 ogres
  11 centaurs
  26 wolves
  A lemure (D:7)
  2 big kobolds
  2 wyvern zombies
  28 bullfrogs
  3 scorpions
  7 killer bees
  18 wights
  3 howler monkeys (D:7)
  A crimson imp (D:14)
  A bullfrog zombie (D:10)
  5 lava snakes (Lair:6)
  4 centaur zombies
  6 centaur skeletons
  3 jellies
  7 hounds
  29 orc wizards
  22 orc priests
  5 iguanas
  Terence (D:3)
  12 worker ants
  2 big kobold zombies (Ossuary)
  A hound zombie (D:8)
  A hound skeleton (D:5)
  2 mummies (Ossuary)
  A worker ant zombie (D:9)
  14 adders
  A gnoll (D:1)
  A howler monkey skeleton (D:11)
  2 shadow imps
  6 white imps
  An ufetubus (D:7)
  An ooze (D:2)
  2 adder zombies
  An adder skeleton (D:7)
  7 worms
  A dart slug (D:1)
  10 leopard geckos
  120 orcs
  4 giant cockroaches
  5 goblins
  3 hobgoblins
  6 jackals
  2 quokkas (D:7)
  5 ball pythons
  A ball python skeleton (D:5)
  4 bats
  4 frilled lizards
  A goblin zombie (Ossuary)
  11 hobgoblin zombies (Ossuary)
  3 jackal zombies (Ossuary)
  14 kobolds
  10 kobold zombies (Ossuary)
  6 orc zombies (Ossuary)
  A quokka skeleton (D:4)
  8 rats
  A rat zombie (Ossuary)
  A butterfly (Lair:3)
871 creatures vanquished.

Vanquished Creatures (collateral kills)
  An orc warlord (Orc:2)
  A two-headed ogre (D:13)
  A gargoyle (D:10)
  A kobold demonologist (D:12)
  A cane toad (Lair:2)
  5 yaks (D:10)
  A centaur (D:13)
  A big kobold (D:12)
  A scorpion (D:10)
  An ufetubus (D:10)
  A leopard gecko (D:10)
  An orc (D:10)
  A kobold (D:12)
17 creatures vanquished.

Vanquished Creatures (others)
  2 wights (D:14)
  2 orcs (Orc:1)
  14 fungi
  33 plants
51 creatures vanquished.

Grand Total: 939 creatures vanquished

Notes
Turn   | Place    | Note
-------+----------+-------------------------------------------
     0 | D:1      | mkm the Minotaur Berserker began the quest for the Orb.
     0 | D:1      | Reached XP level 1. HP: 19/19 MP: 0/0
   222 | D:1      | Reached XP level 2. HP: 24/27 MP: 1/1
   274 | D:1      | Reached skill level 4 in Axes
   716 | D:2      | Reached XP level 3. HP: 29/33 MP: 2/2
   779 | D:2      | Reached ** piety under Trog
  1562 | D:3      | Noticed Terence
  1791 | D:3      | Killed Terence
  1791 | D:3      | Reached XP level 4. HP: 12/40 MP: 3/3
  2265 | D:3      | Reached skill level 5 in Axes
  2482 | D:3      | Found a glowing golden altar of the Shining One.
  2777 | D:3      | Reached XP level 5. HP: 47/47 MP: 4/4
  3248 | D:4      | Noticed Sigmund
  3272 | D:4      | Killed Sigmund
  3272 | D:4      | Reached XP level 6. HP: 55/55 MP: 5/5
  3365 | D:4      | Reached skill level 5 in Fighting
  3365 | D:4      | Reached skill level 6 in Axes
  3533 | D:4      | Found a staircase to the Ecumenical Temple.
  3590 | D:4      | Found a shadowy altar of Dithmenos.
  3594 | D:4      | Found a glowing silver altar of Zin.
  3602 | D:4      | Found an ornate altar of the Wu Jian Council.
  3604 | D:4      | Found a sparkling altar of Nemelex Xobeh.
  3604 | D:4      | Found a blossoming altar of Fedhas.
  3605 | D:4      | Found a snail-covered altar of Cheibriados.
  3606 | D:4      | Found a white marble altar of Elyvilon.
  3607 | D:4      | Found a burning altar of Makhleb.
  4065 | D:4      | Reached XP level 7. HP: 61/61 MP: 6/6
  4438 | D:5      | Entered Level 5 of the Dungeon
  4459 | D:5      | Reached skill level 7 in Axes
  4471 | D:5      | Reached *** piety under Trog
  4646 | D:5      | Reached skill level 5 in Armour
  4847 | D:5      | Found a sparkling altar of Nemelex Xobeh.
  5618 | D:6      | Noticed Edmund
  5635 | D:6      | Killed Edmund
  5635 | D:6      | Reached skill level 8 in Axes
  5635 | D:6      | Reached skill level 5 in Dodging
  5635 | D:6      | Reached XP level 8. HP: 70/70 MP: 7/7
  5923 | D:6      | Found Unnadghem's Assorted Antiques.
  6037 | D:6      | Found a bloodstained altar of Trog.
  6037 | D:6      | Found an iron altar of Okawaru.
  6228 | D:6      | Found a sand-covered staircase.
  6239 | Ossuary  | Entered an ossuary
  6758 | D:7      | Found Goqalla's Antique Armour Emporium.
  6822 | D:7      | Noticed Pikel
  6843 | D:7      | Reached skill level 1 in Maces & Flails
  6843 | D:7      | Reached **** piety under Trog
  6844 | D:7      | Killed Pikel
  6861 | D:7      | Reached skill level 9 in Axes
  6865 | D:7      | Reached XP level 9. HP: 66/79 MP: 8/8
  6949 | D:7      | Found a shimmering blue altar of Sif Muna.
  7310 | D:7      | Reached skill level 5 in Maces & Flails
  7325 | D:7      | Found Epnat's Magic Scroll Boutique.
  7888 | D:7      | Found a hide-covered altar of Uskayaw.
  8005 | D:7      | Found Waravo's Jewellery Boutique.
  8008 | D:7      | Found Ogot's Antique Weapon Boutique.
  8360 | D:7      | Found Gakebasu's Magic Scroll Boutique.
  9279 | D:8      | Noticed an ice devil
  9279 | D:8      | Noticed an ice devil
  9343 | D:8      | Noticed an ice devil
  9343 | D:8      | Noticed an ice devil
  9364 | D:8      | Noticed an ice devil
  9365 | D:8      | Noticed an ice devil
  9365 | D:8      | Noticed an ice devil
  9579 | D:8      | Noticed an ice statue
  9677 | D:8      | Noticed an ice devil
  9842 | D:9      | Reached XP level 10. HP: 88/88 MP: 9/9
 10181 | D:9      | Found Biogeru's Assorted Antiques.
 10450 | D:9      | Found a radiant altar of Vehumet.
 10561 | D:9      | Reached ***** piety under Trog
 10722 | D:9      | Reached skill level 10 in Axes
 10841 | D:9      | Found a staircase to the Orcish Mines.
 11046 | D:10     | Entered Level 10 of the Dungeon
 11122 | D:10     | Noticed a gargoyle
 11143 | D:10     | Killed a gargoyle
 11246 | D:10     | Noticed Snorg
 11257 | D:10     | Killed Snorg
 11370 | D:10     | Reached XP level 11. HP: 97/97 MP: 10/10
 11422 | D:10     | Received a gift from Trog
 11666 | D:10     | Found a staircase to the Lair.
 11991 | D:11     | Reached skill level 11 in Axes
 12388 | D:11     | You fall into a shaft and drop 2 floors!
 12620 | D:13     | Noticed a two-headed ogre
 12622 | D:13     | Killed a two-headed ogre
 12860 | D:11     | Reached skill level 10 in Fighting
 13062 | D:11     | Noticed a six-headed hydra
 13070 | D:11     | Killed a three-headed hydra
 13791 | D:12     | Noticed a purple ugly thing
 13794 | D:11     | Killed a purple ugly thing
 13794 | D:11     | Reached skill level 12 in Axes
 13843 | D:12     | Reached skill level 10 in Armour
 13991 | D:12     | Noticed a six-headed hydra
 13996 | D:12     | Killed a three-headed hydra
 14088 | D:12     | Noticed a red ugly thing
 14107 | D:12     | Killed a red ugly thing
 14367 | D:12     | Reached XP level 12. HP: 100/108 MP: 11/11
 15133 | D:13     | Reached skill level 13 in Axes
 15244 | D:13     | Noticed a tengu reaver
 15248 | D:13     | Noticed a centaur warrior
 15249 | D:13     | Noticed a frost giant
 15258 | D:13     | Noticed a centaur warrior
 15526 | Lair:1   | Entered Level 1 of the Lair of Beasts
 15967 | Lair:1   | Reached skill level 10 in Dodging
 16778 | Lair:2   | Noticed Erica
 16785 | Lair:2   | Killed Erica
 16785 | Lair:2   | Reached skill level 14 in Axes
 16791 | Lair:2   | Found a frozen archway.
 16801 | IceCv    | Entered an ice cave
 17154 | IceCv    | Received a gift from Trog
 17219 | IceCv    | Reached XP level 13. HP: 90/117 MP: 12/12
 17942 | Lair:2   | Reached skill level 15 in Axes
 18495 | Lair:3   | Found a hole to the Spider Nest.
 19482 | Lair:3   | Found a staircase to the Swamp.
 19902 | Lair:3   | Reached skill level 16 in Axes
 20024 | Orc:1    | Entered Level 1 of the Orcish Mines
 20435 | Orc:1    | Noticed Fannar
 20453 | Orc:1    | Killed Fannar
 20563 | Orc:1    | Found a bloodstained altar of Trog.
 21254 | D:13     | Received a gift from Trog
 21274 | D:13     | Reached XP level 14. HP: 111/129 MP: 13/13
 22702 | Lair:4   | Identified 2 scrolls of acquirement
 22702 | Lair:4   | Acquired the +3 warlock's mirror {reflect}
 22703 | Lair:4   | Found the +3 warlock's mirror {reflect}
 23498 | Lair:6   | Entered Level 6 of the Lair of Beasts
 23680 | Lair:6   | Reached skill level 17 in Axes
 24105 | Lair:6   | Reached skill level 1 in Shields
 25070 | Lair:6   | Found a large runed translucent door.
 25073 | Lair:6   | Found a large runed translucent door.
 25165 | Lair:6   | Found a staircase to the Slime Pits.
 25750 | Orc:2    | Entered Level 2 of the Orcish Mines
 26209 | Orc:2    | Reached XP level 15. HP: 63/138 MP: 14/14
 26448 | Orc:2    | Noticed an orc warlord
 26479 | Orc:2    | Killed an orc warlord
 26588 | Orc:2    | Found a roughly hewn altar of Beogh.
 26651 | Orc:2    | Found a roughly hewn altar of Beogh.
 26656 | Orc:2    | Found Mist's Antique Armour Shop.
 26993 | Orc:2    | Found a roughly hewn altar of Beogh.
 27091 | Orc:2    | Found a roughly hewn altar of Beogh.
 27094 | Orc:2    | Found Baurph's Weapon Boutique.
 27142 | Orc:2    | Found Saarurpha's Antique Weapon Emporium.
 27158 | Orc:2    | Found a staircase to the Elven Halls.
 27220 | Orc:2    | Noticed an orc warlord
 27247 | Orc:2    | Killed an orc warlord
 27251 | Orc:2    | Paralysed by an orc sorcerer for 5 turns
 27566 | Orc:2    | Reached skill level 18 in Axes
 27943 | D:13     | Killed a tengu reaver
 28051 | D:13     | Killed a frost giant
 29312 | D:14     | Reached skill level 5 in Shields
 30134 | D:14     | Found a gate to the Vaults.
 30645 | D:14     | Noticed Frances
 30661 | D:14     | Killed Frances
 30677 | D:14     | Received a gift from Trog
 31338 | D:14     | Reached skill level 1 in Long Blades
 31738 | D:15     | Entered Level 15 of the Dungeon
 33087 | D:15     | Paralysed by a wizard for 4 turns
 33094 | D:15     | Reached XP level 16. HP: 108/147 MP: 15/15
 33147 | D:15     | Reached skill level 19 in Axes
 33323 | D:15     | Found a staircase to the Depths.
 34104 | Orc:2    | Found Bychoupy's Antique Weapon Emporium.
 34105 | Orc:2    | Found a roughly hewn altar of Beogh.
 34108 | Orc:2    | Found Noaps's Antique Armour Shoppe.
 34494 | Swamp:1  | Entered Level 1 of the Swamp
 34792 | Swamp:1  | Reached skill level 15 in Fighting
 35004 | Swamp:1  | Noticed Aizul
 35015 | Swamp:1  | HP: 10/223 [poisoned by Aizul (poison arrow)]
 35017 | Swamp:1  | HP: 4/223 [poisoned by Aizul (poison arrow)]
 35017 | Swamp:1  | Killed from afar by Aizul

Illustrated notes

Levels and vault maps discovered:
D:1:      roderic_crossed_star, layout_rooms
D:2:      layout_loops_ring, serial_bayou_pond_c,
          corexii_item_surrounded_by_moat
D:3:      layout_basic, lemuel_crystal_altar, feat_on_display, uniq_terence
D:4:      layout_basic, minitemple, minmay_temple_entry_mist,
          minmay_small_thing, uniq_sigmund
D:5:      layout_layer_cave, nemelex_diamond_rough_becter
D:6:      layout_gridville, grunt_temple_overflow_bloody_war, serial_shops,
          shop, lightli_ossuary_entry_decrepit_ruins, nrook_campfire,
          feat_on_display, uniq_edmund
D:7:      cheibrodos_fzero, layout_layer_cave, serial_shops, shop, shop, shop,
          shop, shop, serial_bayou_pond_a, hangedman_decor_growths,
          minmay_holes, hangedman_feature_mirror, uniq_pikel
D:8:      cheibrodos_frozen_isle, layout_basic
D:9:      layout_small_grid, lemuel_round_altar, david_orc_1_choice,
          serial_shops, shop
D:10:     layout_roguey, lair_entry_dummy, uniq_snorg
D:11:     layout_grid_maze
D:12:     layout_roguey
D:13:     minmay_outward_triangles, layout_layer_cave, kennysheep_generic_room_9
D:14:     kennysheep_ambush_hall, layout_long_grid, erik_vaults_2,
          grunt_livestock, hangedman_stone_soup, uniq_frances
D:15:     grunt_enter_depths_magical_seal, layout_loops_ring,
          minmay_crystal_water
Lair:1:   layout_hall_layers
Lair:2:   layout_hall_layers, portal_ice_cave_entry_pillars_1,
          grunt_megastairs_1, uniq_erica
Lair:3:   layout_roguey, palyth_hydra_swamp_entry, spider_nest_entry_rubble,
          lemuel_fruit_fields, grunt_megastairs_5
Lair:4:   layout_gridlike
Lair:5:   layout_gridlike
Lair:6:   cheibrodos_lair_end_hotspot, layout_regular_city, slime_dummy,
          chequers_serial_rivers_small_b, infiniplex_staircase_pool_2
Swamp:1:  layout_falls_marsh, nicolae_swamp_dense_foliage, swamp_pool5,
          uniq_aizul
Orc:1:    layout_caves, trog_book, uniq_fannar
Orc:2:    grunt_orc_community_town_hall, layout_diamond_mine,
          grunt_orc_community_big_house_1, grunt_orc_community_big_house_1,
          grunt_orc_community_house_3, grunt_orc_community_house_3,
          grunt_orc_community_house_3, grunt_orc_community_house_1,
          grunt_orc_community_house_1, grunt_orc_community_house_3,
          serial_shops, nicolae_shop_window_shopping, elf_legates

Skill      XL: |  1  2  3  4  5  6  7  8  9 10 11 12 13 14 15 16 |
---------------+-------------------------------------------------+-----
Axes           | 4 5 6 8 9 10 12 14 16 17 18 19 | 19.1
Fighting       | 4 5 6 7 8 9 10 11 13 14 15 | 15.0
Armour         | 3 4 5 6 7 8 10 11 12 13 14 | 14.8
Dodging        | 3 4 5 6 7 8 9 10 11 12 13 | 13.7
Maces & Flails | 4 7 9 |  9.6
Shields        | 3 6 7 |  7.0
Long Blades    | 2 3 |  3.4

Action                   |  1- 3 |  4- 6 |  7- 9 | 10-12 | 13-15 | 16-18 || total
-------------------------+-------+-------+-------+-------+-------+-------++-------
Melee: Hand axe          |    85 |   105 |    16 |       |       |       ||   206
       Headbutt          |    13 |    19 |    80 |   134 |   401 |    35 ||   682
       War axe           |       |       |    73 |       |       |       ||    73
       Flail             |       |       |   299 |   180 |  1243 |   124 ||  1846
       Battleaxe         |       |       |       |   365 |    82 |       ||   447
       Triple sword      |       |       |       |     8 |     3 |       ||    11
       Executioner's axe |       |       |       |       |     2 |       ||     2
Invok: Berserk           |       |     2 |     6 |    10 |    24 |     1 ||    43
       Trog's Hand       |       |       |     3 |     4 |     9 |     1 ||    17
       Brothers in Arms  |       |       |       |     5 |     4 |       ||     9
  Use: Scroll            |       |     3 |    11 |    15 |    14 |       ||    43
       Potion            |       |       |       |     7 |     3 |       ||    10
 Stab: Sleeping          |       |       |       |     1 |       |       ||     1
       Petrifying        |       |       |       |       |     3 |       ||     3
Armor: Animal skin       |     4 |       |       |       |       |       ||     4
       Leather armour    |    14 |       |       |       |       |       ||    14
       Ring mail         |       |    24 |    30 |       |    61 |    22 ||   137
       Scale mail        |       |       |   139 |    51 |       |       ||   190
       Troll leather arm |       |       |       |   114 |   117 |       ||   231
       Plate armour      |       |       |       |       |   267 |       ||   267
Dodge: Dodged            |    51 |    44 |   183 |   403 |   651 |    52 ||  1384
Block: Buckler           |       |    30 |   144 |    47 |   548 |    72 ||   841
       Reflection        |       |       |     3 |    13 |    64 |    14 ||    94
       Other             |       |       |       |    91 |    18 |       ||   109
       Kite shield       |       |       |       |       |   247 |       ||   247
       Rpst.: Triple sword |       |       |       |     5 |     3 |       ||     8

Table legend: (Time is in decaauts)
 A = Elapsed time spent in this place.
 B = Non-inter-level travel time spent in this place.
 C = Inter-level travel time spent in this place.
 D = Time resting spent in this place.
 E = Time spent auto-exploring this place.
 F = Levels seen in this place.
 G = Mean time per level.
                   A        B        C        D        E       F      G
               +--------+--------+--------+--------+--------+-----+--------+
         Total |  35181 |  33435 |   1746 |   8914 |  16944 |  26 | 1353.1 |
       Dungeon |  22071 |  20866 |   1205 |   5389 |  10981 |  15 | 1471.4 |
          Lair |   8096 |   7657 |    439 |   2002 |   4202 |   6 | 1349.3 |
         Swamp |    516 |    516 |      0 |     73 |    321 |   1 |  516.0 |
  Orcish Mines |   3503 |   3402 |    101 |   1248 |   1190 |   2 | 1751.5 |
       Ossuary |    298 |    298 |      0 |      0 |     86 |   1 |  298.0 |
      Ice Cave |    695 |    695 |      0 |    200 |    164 |   1 |  695.0 |
               +--------+--------+--------+--------+--------+-----+--------+

Top non-repeatable levels by time:
    D:13: 3332 daAuts
   Orc:2: 2712 daAuts
     D:7: 2148 daAuts
  Lair:6: 2088 daAuts
    D:14: 2052 daAuts
  Lair:3: 1682 daAuts
    D:11: 1681 daAuts
     D:3: 1503 daAuts
    D:15: 1454 daAuts
     D:9: 1399 daAuts
    D:12: 1288 daAuts
  Lair:4: 1274 daAuts
  Lair:1: 1271 daAuts
     D:4: 1233 daAuts
    D:10: 1186 daAuts
